 Dungeon Crawl Stone Soup version 0.20.1-1-g8b1a95d (webtiles) character file.

184 Zachthehappycat the Skirmisher (level 5, -13/57 HPs)
             Began as an Ogre Berserker on July 5, 2017.
             Was a Believer of Trog.
             Mangled by an ogre
             ... wielding a +0 giant club
              (19 damage)
             ... on level 4 of the Dungeon.
             The game lasted 00:05:50 (2373 turns).

Zachthehappycat the Skirmisher (Ogre Berserker)     Turns: 2373, Time: 00:05:50

Health: -13/57     AC:  3    Str: 22    XL:     5   Next: 63%
Magic:  5/5        EV: 11    Int:  8    God:    Trog [**....]
Gold:   147        SH:  0    Dex:  8    Spells: 4/4 levels left

rFire    . . .     SeeInvis .   g - +2 short sword (elec)
rCold    . . .     Gourm    .   (no shield)
rNeg     . . .     Faith    .   b - +0 animal skin
rPois    .         Spirit   .   (helmet restricted)
rElec    .         Reflect  .   (no cloak)
rCorr    .         Harm     .   (gloves unavailable)
MR       ++...                  (boots unavailable)
Stlth    +.........             (no amulet)
Regen    1.2/turn               (no ring)
MPRegen  0.1/turn               (no ring)

@: regenerating
A: unfitting armour, tough skin 1
a: Berserk, Trog's Hand, Burn Spellbooks, Renounce Religion


You were on level 4 of the Dungeon.
You worshipped Trog.
Trog was pleased with you.
You were not hungry.

You visited 1 branch of the dungeon, and saw 4 of its levels.

You collected 147 gold pieces.

Inventory:

Hand Weapons
 a - a +0 spear
 g - a +2 short sword of electrocution (weapon)
Armour
 b - a +0 animal skin (worn)
Jewellery
 r - a +5 ring of strength {unknown}
Wands
 n - a wand of random effects (19/48)
Scrolls
 d - a scroll of enchant armour {unknown}
 e - 2 scrolls of remove curse {unknown}
 h - a scroll of teleportation {unknown}
 k - a scroll of identify {unknown}
 l - a scroll of fear {unknown}
 p - 2 scrolls of magic mapping {unknown}
Potions
 f - 3 potions of curing {unknown}
 i - a potion of agility {unknown}
 m - a potion of resistance {unknown}
 o - a potion of heal wounds {unknown}
Comestibles
 c - 2 bread rations
 j - 2 royal jellies
 q - a meat ration


   Skills:
 + Level 5.5 Fighting
 + Level 4.1 Polearms
 + Level 4.0 Dodging


You had 4 spell levels left.
You didn't know any spells.

Dungeon Overview and Level Annotations

Branches:
Dungeon (4/15)
 Temple: D:4-7

Altars:
Sif Muna


Innate Abilities, Weirdness & Mutations

You are too large for most types of armour.
You have tough skin. (AC +1)


Message History

You hit the hound.
The hound is almost dead.
The hound bites you. The ogre hits you with a giant club!
The hound closely misses you.
You are too injured to fight recklessly!
You are too injured to fight recklessly!
You are too injured to fight recklessly!
You are too injured to fight recklessly!
You are too injured to fight recklessly!
You are too injured to fight recklessly!
You closely miss the hound.
The hound is almost dead.
The hound bites you. The ogre hits you with a giant club!!
* * * LOW HITPOINT WARNING * * *
The hound bites you but does no damage.
Your skin crawls.
You feel resistant to hostile enchantments.
You feel somewhat more hungry. The hound barely misses you.
The ogre hits you with a giant club!!
You die...

...# ###...# .....%.
....... ##.......
#........
############O.......
#<.........@h.......
############........
#........ #........
#.####### #.# #>.
###


You could see an ogre and a hound.

Vanquished Creatures
  Natasha (thrice) (D:2)
  4 adders (D:2)
  5 worms (D:2)
  3 dart slugs
  A leopard gecko (D:2)
  3 orcs (D:3)
  3 giant cockroaches
  5 goblins
  3 hobgoblins
  6 jackals
  A quokka (D:3)
  2 bats
  6 frilled lizards
  4 kobolds
  8 rats
57 creatures vanquished.

Notes
Turn   | Place    | Note
-------+----------+-------------------------------------------
     0 | D:1      | Zachthehappycat the Ogre Berserker began the quest for the Orb.
     0 | D:1      | Reached XP level 1. HP: 24/24 MP: 1/1
   207 | D:1      | Reached XP level 2. HP: 24/32 MP: 2/2
   683 | D:2      | Reached XP level 3. HP: 24/39 MP: 3/3
   902 | D:2      | Noticed Natasha
   905 | D:2      | Killed Natasha
   905 | D:2      | Reached ** piety under Trog
   905 | D:2      | Reached XP level 4. HP: 33/49 MP: 4/4
  1155 | D:2      | Reached skill level 5 in Fighting
  1196 | D:2      | Noticed Natasha
  1202 | D:2      | Killed Natasha
  1202 | D:2      | Reached XP level 5. HP: 49/57 MP: 5/5
  1284 | D:2      | Noticed Natasha
  1285 | D:2      | Killed Natasha
  1561 | D:3      | Found a deep blue altar of Sif Muna.
  2365 | D:4      | Noticed an ogre
  2373 | D:4      | Mangled by an ogre

Skill      XL: |  1  2  3  4  5 |
---------------+----------------+-----
Dodging        | 3 4 |  4.0
Fighting       | 5 |  5.5
Polearms       | 4 |  4.1

Action                   |  1- 3 |  4- 6 || total
-------------------------+-------+-------++-------
Melee: Spear             |    38 |       ||    38
       Short sword       |    33 |    76 ||   109
Invok: Trog's Hand       |       |     1 ||     1
 Stab: Sleeping          |       |     1 ||     1
  Eat: Chunk             |       |     4 ||     4
       Bread ration      |       |     1 ||     1
Armor: Animal skin       |    15 |    11 ||    26
Dodge: Dodged            |    29 |    43 ||    72
